 Dungeon Crawl Stone Soup version 0.30.1-4-g462c640d31 (webtiles) character file.

Game seed: 13696694580646899768

475 monsoonserge the Chopper (level 7, -2/61 HPs)
             Began as a Hill Orc Fighter on Sept 3, 2023.
             Slain by an orc warrior
             ... wielding a +0 war axe
              (12 damage)
             ... on level 6 of the Dungeon.
             The game lasted 00:06:02 (2688 turns).

monsoonserge the Chopper (Hill Orc Fighter)         Turns: 2688, Time: 00:06:04

Health: -2/61      AC: 10    Str: 27    XL:     7   Next: 10%
Magic:  7/7        EV: 14    Int:  8    God:
Gold:   300        SH:  4    Dex: 10    Spells: 6/6 levels left

rFire   . . .        a - +0 war axe
rCold   . . .        c - +0 buckler
rNeg    . . .        B - +0 chain mail
rPois   .            (no helmet)
rElec   .            (no cloak)
rCorr   .            l - +0 pair of gloves
SInv    .            (no boots)
Will    .....        (no amulet) Stlth
                     i - +5 ring of evasion
HPRegen 0.30/turn    k - +6 ring of strength
MPRegen 0.10/turn

%: no passive effects
@: mighty
A: no striking features
a: no special abilities


You were on level 6 of the Dungeon.
You visited 1 branch of the dungeon, and saw 5 of its levels.

You collected 300 gold pieces.

Inventory:

Hand Weapons
 a - a +0 war axe (weapon)
Missiles
 s - 6 poisoned darts (quivered)
Armour
 c - a +0 buckler (worn)
 l - a +0 pair of gloves (worn)
 B - a +0 chain mail (worn)
Magical Staves
 b - a staff of fire
Jewellery
 i - a +5 ring of evasion (left hand)
 k - a +6 ring of strength (right hand)
 r - a ring of protection from cold
 y - a +5 ring of evasion
Wands
 C - a wand of paralysis (9)
Scrolls
 e - a scroll of magic mapping {unknown}
 f - 4 scrolls of identify {unknown}
 g - a scroll of fear {unknown}
 n - a scroll of enchant armour {unknown}
 p - a scroll of noise {unknown}
 q - 2 scrolls of fog {unknown}
 u - a scroll of immolation {unknown}
 v - a scroll of vulnerability {unknown}
 x - a scroll of butterflies {unknown}
Potions
 d - 3 potions of might
 h - 2 potions of haste {unknown}
 j - 2 potions of lignification {unknown}
 m - a potion of resistance {unknown}
 o - a potion of invisibility {unknown}
 t - a potion of mutation {unknown}
 w - 5 potions of curing {unknown}
 z - a potion of attraction {unknown}
 A - a potion of cancellation {unknown}


   Skills:
 + Level 5.0 Fighting
 + Level 7.4 Axes
 + Level 4.5 Armour
 - Level 1.0 Dodging
 - Level 4.0 Shields


You had 6 spell levels left.
You didn't know any spells.
Your spell library contained the following spells:

 Spells                   Type           Power      Damage    Failure   Level
 Poisonous Vapours        Pois/Air       0%         N/A       98%         2
 Mephitic Cloud           Conj/Pois/Air  0%         N/A       100%        3
 Freezing Cloud           Conj/Ice/Air   0%         6-21      100%        5


Dungeon Overview and Level Annotations

Branches:
Dungeon (4/15)
 Temple: D:4-7

Altars:

Annotations:
D:2 Sigmund


Message History

You hit the orc warrior but do no damage.
The orc warrior is moderately wounded.
The orc warrior hits you with a +0 war axe.
The orc warrior hits you with a +0 war axe!
The orc priest mumbles some strange prayers to Beogh against you.
Beogh smites you!
You hit the orc priest.
The orc priest shouts, "Beogh is our master!
Accept the truth or die!"
The orc priest is moderately wounded.
You barely miss the orc warrior.
The orc warrior hits you with a +0 war axe!
* * * LOW HITPOINT WARNING * * *
The orc priest calls down the wrath of Beogh upon you.
You struggle to resist.
You hit the orc priest but do no damage.
The orc priest is moderately wounded.
You hit the orc warrior but do no damage.
The orc warrior closely misses you. You block the orc priest's attack.
You slash the orc priest!
You kill the orc priest!
You closely miss the orc warrior. You block the orc warrior's attack.
Training target 4.0 for Shields reached!
Your Fighting skill increases to level 5!
Your Shields skill increases to level 4!
You closely miss the orc warrior.
The orc warrior is moderately wounded.
The orc warrior hits you but does no damage.
You feel very mighty all of a sudden. The orc warrior completely misses you.
You slash the orc warrior!
The orc warrior is severely wounded.
The orc wizard casts a spell.
The orc wizard flickers and vanishes!
Deactivating autopickup; reactivate with Ctrl-A.
You block the orc warrior's attack.
You hear a shout! x2
You barely miss the orc warrior.
The orc warrior is severely wounded.
The orc warrior hits you with a +0 war axe!
You die...

#.o.. #..#....#.#
#.. . #...#...#.#
o# #..o#.#......#.#
#...#.#...#.......#
o.?.............#.#
#o###..####.# #.#
#.# #.#
#o###.#####.#
#{o@).......#
#############


You could see an orc warrior and an orc.

Vanquished Creatures
  An ice beast (D:6)
  A scorpion (D:6)
  A howler monkey (D:6)
  A hound (D:4)
  An orc priest (D:6)
  2 iguanas
  2 orc wizards (D:4)
  6 adders
  2 dart slugs (D:1)
  8 orcs
  6 ball pythons
  An endoplasm (D:2)
  8 giant cockroaches
  4 goblins
  11 hobgoblins
  6 kobolds
  4 quokkas
  2 bats
  4 frilled lizards
  3 rats
74 creatures vanquished.

Notes
Turn   | Place    | Note
-------+----------+-------------------------------------------
     0 | D:1      | monsoonserge the Hill Orc Fighter began the quest for the
                  | Orb.
     0 | D:1      | Reached XP level 1. HP: 19/19 MP: 1/1
   122 | D:1      | Reached skill level 3 in Axes
   122 | D:1      | Reached XP level 2. HP: 27/27 MP: 2/2
   489 | D:1      | Reached XP level 3. HP: 33/33 MP: 3/3
   756 | D:2      | Reached skill level 4 in Axes
   788 | D:2      | Reached XP level 4. HP: 23/40 MP: 4/4
   863 | D:2      | Noticed Sigmund
  1344 | D:2      | Identified the +0 ring mail of the Lily {-Tele rPois Str+2
                  | SInv}
  1758 | D:3      | Found a faded altar of an unknown god.
  2141 | D:4      | Reached XP level 5. HP: 45/47 MP: 5/5
  2158 | D:4      | Reached skill level 5 in Axes
  2198 | D:4      | Noticed a black bear
  2221 | D:4      | Reached skill level 6 in Axes
  2221 | D:4      | Reached XP level 6. HP: 13/53 MP: 6/6
  2383 | D:4      | You fall into a shaft and drop 2 floors!
  2444 | D:6      | Noticed an ice beast
  2465 | D:6      | Killed an ice beast
  2466 | D:6      | Reached skill level 1 in Dodging
  2479 | D:6      | Reached skill level 7 in Axes
  2553 | D:6      | Reached XP level 7. HP: 46/60 MP: 7/7
  2685 | D:6      | Reached skill level 5 in Fighting
  2688 | D:6      | Slain by an orc warrior

Illustrated notes

Levels and vault maps discovered:
D:1:      matt_arrival_grand_opening, layout_basic, minmay_misc_feat_hallway,
          minmay_misc_feat_chi
D:2:      layout_basic, minmay_quantized, uniq_sigmund
D:3:      layout_loops_ring, serial_glass, glass_columns_b, glass_columns_b,
          shapermc_ecumenical_altar_gd
D:4:      layout_basic, minmay_temple_entry_slanted, serial_shops, shop_statue,
          uniq_natasha, uniq_ijyb
D:6:      layout_basic, minmay_misc_feat_tiny, minmay_splitting_lines

Skill      XL: |  1  2  3  4  5  6  7 |
---------------+----------------------+-----
Axes           | 3 4 6 7 |  7.4
Fighting       | 4 5 |  5.0
Armour         | 4 |  4.5
Dodging        | 1 |  1.0
Shields        | 4 |  4.0

Action                     |  1- 3 |  4- 6 |  7- 9 || total
---------------------------+-------+-------+-------++-------
  Melee: War axe           |    89 |   119 |    11 ||   219
    Use: Potion            |       |       |     1 ||     1
 Armour: Scale mail        |    38 |    15 |       ||    53
         Chain mail        |       |    38 |     1 ||    39
  Dodge: Dodged            |    58 |    88 |     4 ||   150
  Block: Buckler           |    31 |    28 |     4 ||    63
